AoeStats
← edgardo_169

Arena

510808862Analyzed
2v2 RM · 17h ago on Oct 2, 2026· 44m 43s· 4 players
Game mode
Random Map
Map size
Medium (4 player)
Population
200
Speed
Normal
Resources
Standard
Victory
Conquest
Starting age
Dark Age
Ending age
Imperial Age
RankedLock teamsTeams togetherTeam positionsShared explorationLock speedFull tech treeHidden civsTurbo modeCheats
Victory
Defeat
🇺🇸 Spanish · United States
871
+14
🇲🇽 Turks · Mexico
846
+15
🇸🇪 Malians · Sweden
828
-15
🇸🇪 Teutons · Sweden
811
-14
edgardo_169
13:17 Feudal Age
13:44 Double-Bit Axe
13:46 Horse Collar
14:01 Gold Mining
19:10 Castle Age
23:29 Imperial Age
23:06 Wheelbarrow
22:46 Bow Saw
22:37 Heavy Plow
25:38 Fletching
27:09 Bodkin Arrow
29:15 Bracer
32:45 Hand Cart
32:16 Loom
35:24 Artillery
36:46 Padded Archer Armor
40:44 Conscription
40:31 Scale Barding Armor
40:37 Forging
42:43 Chain Barding Armor
42:59 Iron Casting
45:00 Bombard Tower
45:03 Husbandry
45:13 Bloodlines
44:25 Heavy Camel Rider
maximusthefirst
2:00 Loom
10:36 Feudal Age
12:10 Wheelbarrow
11:28 Double-Bit Axe
11:26 Horse Collar
19:47 Castle Age
19:14 Stone Mining
19:21 Gold Mining
20:55 Hand Cart
20:53 Bow Saw
20:46 Heavy Plow
21:33 Fletching
23:59 Stone Shaft Mining
23:23 Bodkin Arrow
24:56 Padded Archer Armor
25:01 Squires
27:30 Leather Archer Armor
28:40 Ballistics
28:17 Murder Holes
30:18 Scale Barding Armor
31:08 Forging
35:59 Imperial Age
33:19 Town Watch
35:13 Chain Barding Armor
35:29 Iron Casting
35:34 Town Patrol
35:47 Masonry
35:48 Fortified Wall
37:47 Two-Man Saw
36:52 Bracer
37:23 Ring Archer Armor
37:25 Bloodlines
37:15 Husbandry
38:31 Chemistry
37:10 Capped Ram
37:17 Light Cavalry
38:23 Conscription
38:21 Elite Conquistador
40:47 Hoardings
40:52 Plate Barding Armor
41:18 Blast Furnace
40:51 Architecture
40:58 Caravan
41:03 Siege Ram
MrKuk
0:32 Loom
12:49 Feudal Age
14:06 Wheelbarrow
13:13 Horse Collar
13:20 Double-Bit Axe
13:27 Gold Mining
13:45 Stone Mining
21:55 Castle Age
22:07 Forging
21:58 Scale Mail Armor
21:51 Fletching
22:02 Padded Archer Armor
23:07 Hand Cart
23:07 Bow Saw
23:02 Heavy Plow
25:20 Iron Casting
27:56 Squires
28:25 Caravan
28:56 Coinage
32:01 Elite Skirmisher
36:43 Bodkin Arrow
37:03 Leather Archer Armor
37:05 Chain Mail Armor
43:50 Imperial Age
46:29 Imperial Age
Shukrullah
14:05 Feudal Age
14:39 Double-Bit Axe
14:41 Horse Collar
19:09 Wheelbarrow
23:47 Castle Age
29:27 Scale Barding Armor
29:33 Forging
29:41 Bloodlines
29:32 Husbandry
34:02 Heavy Plow
36:08 Iron Casting
40:38 Imperial Age
41:08 Cavalier
44:22 Chain Barding Armor
Connection lost

Rejoining the realm…

Still unreachable

The connection could not be restored.

Session expired

The server has moved on; the page needs a fresh start.